 Dungeon Crawl Stone Soup version 0.23.0 (webtiles) character file.

Game seed: 2314442780327768635

565 nuthulu the Magician (level 7, -9/36 HPs)
             Began as a Deep Elf Fire Elementalist on Feb 15, 2019.
             Shot with an arrow by a centaur (15 damage)
             ... on level 5 of the Dungeon.
             The game lasted 00:09:37 (4878 turns).

nuthulu the Magician (Deep Elf Fire Elementalist)   Turns: 4878, Time: 00:09:38

Health: -9/36      AC:  3    Str:  5    XL:     7   Next: 10%
Magic:  19/19      EV: 12    Int: 22    God:
Gold:   131        SH:  0    Dex: 15    Spells: 5/20 levels left

rFire    . . .     SeeInvis .   (no weapon)
rCold    . . .     Gourm    .   (no shield)
rNeg     . . .     Faith    .   a - +0 robe
rPois    .         Spirit   .   k - +0 helmet
rElec    .         Reflect  .   (no cloak)
rCorr    .         Harm     .   (no gloves)
MR       .....                  (no boots)
Stlth    ++........             (no amulet)
HPRegen  0.12/turn              (no ring)
MPRegen  0.16/turn              (no ring)

@: drained
A: no striking features
a: no special abilities


You were on level 5 of the Dungeon.
You were not hungry.

You visited 1 branch of the dungeon, and saw 5 of its levels.

You collected 131 gold pieces.

Inventory:

Armour
 a - a +0 robe (worn)
 k - a +0 helmet (worn)
Wands
 b - a wand of enslavement (12)
 f - a wand of random effects (21)
Scrolls
 h - 2 scrolls of remove curse
 j - 2 scrolls of identify
Potions
 d - 4 potions of curing
 e - a potion of agility
 g - a potion of flight
 i - a potion of ambrosia {unknown}
Comestibles
 c - 8 rations
 l - 2 chunks of flesh


   Skills:
 - Level 2.4(1.3) Dodging
 - Level 2.4(1.3) Stealth
 + Level 7.1(5.9) Spellcasting
 - Level 3.1(2.0) Conjurations
 + Level 6.3(5.2) Fire Magic


You had 5 spell levels left.
You knew the following spells:

 Your Spells              Type           Power        Failure   Level  Hunger
a - Flame Tongue          Conj/Fire      ###..        1%          1    None
b - Throw Flame           Conj/Fire      ###...       3%          2    None
c - Conjure Flame         Conj/Fire      ###.....     6%          3    #......
d - Sticky Flame          Conj/Fire      ###.....     21%         4    ###....
e - Fireball              Conj/Fire      ###.......   50%         5    #####..

Your spell library contained the following spells:

 Spells                   Type           Power        Failure   Level  Hunger
 Inner Flame              Hex/Fire       ###.....     10%         3    #......


Dungeon Overview and Level Annotations

Branches:
Dungeon (5/15)
 Temple: D:4-7

Altars:
Xom


Message History

HP restored.
You start waiting.
Eating one of 3 chunks of flesh.
You eat one of the 3 chunks of flesh.
This raw flesh tastes terrible.
Done waiting.
Found a stone staircase leading down.
A centaur comes into view.
The centaur moves out of view.
The centaur is too close now for your liking.
A centaur is nearby!
The centaur shouts!
The centaur wields a +0 shortbow.
The centaur shoots an arrow.
The arrow hits you!
You see here an arrow.
The centaur shoots an arrow.
The arrow hits you!
The centaur shoots an arrow.
The arrow hits you!
* * * LOW HITPOINT WARNING * * *
You see here 2 arrows.
The centaur shoots an arrow.
The arrow hits you!
You die...

.# .# .. .# #. .# .#.# ..c#
####..# #....># #...@.#
#...(.# #...(.# #(....#
#.....# #.....##########
#...............
####################........
#..........# #............#


You could see a centaur.

Vanquished Creatures
  A phantom (D:4)
  An ogre (D:4)
  A water moccasin skeleton (D:4)
  A hound (D:3)
  An orc wizard (D:2)
  3 worker ants
  An iguana (D:4)
  7 gnolls (D:3)
  5 adders (D:3)
  3 worms
  A dart slug (D:4)
  A leopard gecko (D:1)
  6 orcs
  5 giant cockroaches
  4 goblins
  9 hobgoblins
  4 jackals (D:3)
  10 kobolds
  3 bats
  7 frilled lizards
  A leopard gecko skeleton (D:4)
  4 rats (D:1)
79 creatures vanquished.

Notes
Turn   | Place    | Note
-------+----------+-------------------------------------------
     0 | D:1      | nuthulu the Deep Elf Fire Elementalist began the quest for
                  | the Orb.
     0 | D:1      | Reached XP level 1. HP: 10/10 MP: 6/6
   247 | D:1      | Reached XP level 2. HP: 15/15 MP: 5/8
   251 | D:1      | Learned a level 2 spell: Throw Flame
  1219 | D:2      | Noticed a crimson imp
  1320 | D:2      | Reached XP level 3. HP: 18/19 MP: 6/10
  1329 | D:2      | Learned a level 3 spell: Conjure Flame
  1891 | D:2      | Reached XP level 4. HP: 24/24 MP: 5/11
  2052 | D:3      | Learned a level 4 spell: Sticky Flame
  2198 | D:3      | Reached skill level 4 in Spellcasting
  2841 | D:3      | Reached XP level 5. HP: 28/28 MP: 9/14
  3007 | D:3      | Reached skill level 5 in Spellcasting
  3096 | D:3      | Reached skill level 5 in Fire Magic
  3298 | D:3      | Found a shimmering altar of Xom.
  3650 | D:4      | Reached XP level 6. HP: 20/32 MP: 12/16
  3744 | D:4      | Reached skill level 6 in Spellcasting
  3786 | D:4      | Learned a level 5 spell: Fireball
  4327 | D:4      | Reached XP level 7. HP: 32/36 MP: 15/19
  4595 | D:5      | Entered Level 5 of the Dungeon
  4621 | D:5      | Reached skill level 7 in Spellcasting
  4878 | D:5      | Shot with an arrow by a centaur

Skill      XL: |  1  2  3  4  5  6  7 |
---------------+----------------------+-----
Conjurations   | 2 3 |  3.1
Fire Magic     | 4 5 6 |  6.3
Spellcasting   | 4 5 6 7 |  7.1
Dodging        | |  2.4
Stealth        | |  2.4

Action                   |  1- 3 |  4- 6 |  7- 9 || total
-------------------------+-------+-------+-------++-------
Melee: Unarmed           |     6 |       |       ||     6
 Cast: Flame Tongue      |    59 |   109 |    11 ||   179
       Conjure Flame     |     1 |     2 |       ||     3
       Throw Flame       |       |     2 |       ||     2
  Use: Scroll            |     5 |     3 |       ||     8
  Eat: Chunk             |     2 |     6 |     1 ||     9
       Ration            |       |     1 |       ||     1
Armor: Robe              |     5 |     3 |     2 ||    10
Dodge: Dodged            |    19 |    26 |     3 ||    48
